 Dungeon Crawl Stone Soup version 0.23.2-11-gf996548 (webtiles) character file.

Game seed: 16515858373040847773

95 Fang the Skirmisher (level 4, -14/29 HPs)
             Began as a Gargoyle Berserker on June 3, 2019.
             Was a Follower of Trog.
             Demolished by a gnoll
             ... wielding a +0 halberd
              (15 damage)
             ... on level 2 of the Dungeon.
             The game lasted 00:02:23 (1765 turns).

Fang the Skirmisher (Gargoyle Berserker)            Turns: 1765, Time: 00:02:24

Health: -14/29     AC:  5    Str: 22    XL:     4   Next: 66%
Magic:  4/4        EV: 12    Int:  7    God:    Trog [*.....]
Gold:   21         SH:  0    Dex:  9    Spells: 3/3 levels left

rFire    . . .     SeeInvis .   a - +0 hand axe
rCold    . . .     Gourm    .   (no shield)
rNeg     + . .     Faith    .   b - +0 animal skin
rPois    ∞         Spirit   .   (no helmet)
rElec    +         Reflect  .   (no cloak)
rCorr    .         Harm     .   (no gloves)
MR       .....                  (no boots)
Stlth    +.........             (no amulet)
HPRegen  0.09/turn              (no ring)
MPRegen  0.09/turn              (no ring)

@: berserk cooldown, slowed, very slow
A: negative energy resistance 1, electricity resistance, unbreathing,
petrification resistance, rot immunity, AC +3
a: Berserk, Renounce Religion


You were on level 2 of the Dungeon.
You worshipped Trog.
Trog was aware of your devotion.
You were hungry.

You visited 1 branch of the dungeon, and saw 2 of its levels.

You collected 21 gold pieces.

Inventory:

Hand Weapons
 a - a +0 hand axe (weapon)
Armour
 b - a +0 animal skin (worn)
Scrolls
 h - a scroll of fog {unknown}
 k - a scroll of enchant weapon {unknown}
Potions
 d - a potion of haste {unknown}
 e - a potion of heal wounds {unknown}
 g - a potion of invisibility {unknown}
 i - a potion of resistance {unknown}
 j - 2 potions of flight {unknown}
 l - a potion of curing {unknown}
Comestibles
 c - 5 rations
 f - a chunk of flesh


   Skills:
 + Level 4.0 Fighting
 + Level 3.2 Axes
 + Level 3.1 Armour
 + Level 2.3 Dodging


You had 3 spell levels left.
You didn't know any spells.
Your spell library was empty.

Dungeon Overview and Level Annotations

Branches:
Dungeon (2/15)

Altars:


Innate Abilities, Weirdness & Mutations

You are resistant to torment.
Your stone body is resilient. (AC +3)
You are immune to poison.
You resist negative energy. (rN+)
You are resistant to electric shocks. (rElec)
You can survive without breathing.
You are immune to petrification.
You are immune to rotting.


Message History

The gnoll hits you from afar with a +0 halberd!
* * * LOW HITPOINT WARNING * * *
You rip the net and break free!
You feel your anger nearly subside.
You are no longer berserk.
You are exhausted.
You feel yourself slow down. The gnoll hits you but does no damage.
You are too injured to fight recklessly!
You closely miss the gnoll. The gnoll hits you with a +0 whip.
* * * LOW HITPOINT WARNING * * *
The gnoll closely misses you. The gnoll hits you but does no damage.
The gnoll barely misses you.
The gnoll hits you from afar with a +0 spear.
* * * LOW HITPOINT WARNING * * *
The gnoll closely misses you.
You slash the gnoll!
The gnoll is heavily wounded.
The gnoll barely misses you. x2
The gnoll hits you from afar with a +0 halberd!
Ouch! That really hurt!
You die...

#.............
#..#
#.############
.... #.# ##..#
#.# .... #.#
###..###.#
..gg. #.#
##.g###.#
#..@..#.#
#8..8##.#
##......#
########


You could see 3 gnolls.

Vanquished Creatures
  4 gnolls (D:2)
  2 adders (D:2)
  A worm (D:2)
  A leopard gecko (D:2)
  5 bats
  A giant cockroach (D:2)
  4 goblins
  6 hobgoblins
  2 quokkas (D:2)
  3 frilled lizards
  5 kobolds
  2 rats
36 creatures vanquished.

Vanquished Creatures (others)
  4 toadstools (D:1)
4 creatures vanquished.

Grand Total: 40 creatures vanquished

Notes
Turn   | Place    | Note
-------+----------+-------------------------------------------
     0 | D:1      | Fang the Gargoyle Berserker began the quest for the Orb.
     0 | D:1      | Reached XP level 1. HP: 14/14 MP: 1/1
   351 | D:1      | Reached XP level 2. HP: 15/19 MP: 2/2
  1169 | D:2      | Reached XP level 3. HP: 18/23 MP: 3/3
  1452 | D:2      | Reached XP level 4. HP: 17/29 MP: 4/4
  1456 | D:2      | Reached skill level 4 in Fighting
  1764 | D:2      | HP: 1/29 [gnoll/+0 spear (2)]
  1765 | D:2      | Demolished by a gnoll

Skill      XL: |  1  2  3  4 |
---------------+-------------+-----
Axes           | 3 |  3.2
Dodging        | 2 |  2.3
Armour         | 3 |  3.1
Fighting       | 4 |  4.0

Action                   |  1- 3 |  4- 6 || total
-------------------------+-------+-------++-------
Melee: Hand axe          |   106 |    15 ||   121
Invok: Berserk           |     2 |     1 ||     3
  Eat: Chunk             |     3 |     2 ||     5
Armor: Animal skin       |    47 |     6 ||    53
Dodge: Dodged            |    88 |    11 ||    99
